 Dungeon Crawl Stone Soup version 0.31-a0-246-g8cbcc1cb85 (webtiles) character file.

Game seed: 1515971687817294703

130 qw the Shooter (level 4, -2/38 HPs)
             Began as a Minotaur Hexslinger on July 12, 2023.
             Slain by a gnoll
             ... wielding a +0 club
              (3 damage)
             ... on level 3 of the Dungeon.
             The game lasted 00:00:51 (1507 turns).

qw the Shooter (Minotaur Hexslinger)                Turns: 1507, Time: 00:00:52

Health: -2/38      AC:  3    Str: 13    XL:     4   Next: 90%
Magic:  4/4        EV: 12    Int: 10    God:
Gold:   101        SH:  0    Dex: 14    Spells: 4/5 levels left

rFire   . . .        Y - +1 sling
rCold   . . .        (no shield)
rNeg    . . .        c - +0 robe
rPois   .            (helmet restricted)
rElec   .            d - +0 cloak
rCorr   .            (no gloves)
SInv    .            (no boots)
Will    .....        (no amulet)
Stlth   +            (no ring)
HPRegen 0.26/turn    (no ring)
MPRegen 0.09/turn

%: no passive effects
@: no status effects
A: horns 2, retaliatory headbutt
a: no special abilities


You were on level 3 of the Dungeon.
You visited 1 branch of the dungeon, and saw 3 of its levels.

You collected 101 gold pieces.


Innate Abilities, Weirdness & Mutations

You have a pair of horns on your head.
You reflexively headbutt those who attack you in melee.


   Skills:
 - Level 3.0 Fighting
 + Level 5.0 Ranged Weapons
 - Level 2.1 Dodging
 - Level 1.0 Spellcasting
 - Level 2.0 Hexes


You had 4 spell levels left.
You knew the following spells:

 Your Spells              Type           Power      Damage    Failure   Level
a - Slow                  Hex            16%        N/A       16%         1

Your spell library contained the following spells:

 Spells                   Type           Power      Damage    Failure   Level
 Inner Flame              Hex/Fire       2%         N/A       56%         3
 Portal Projectile        Hex/Tloc       4%         N/A       56%         3
 Cause Fear               Hex            2%         N/A       83%         4

Inventory:

Hand Weapons
 Y - a +1 sling (weapon)
Armour
 c - a +0 robe (worn)
 d - a +0 cloak (worn)
Scrolls
 g - a scroll of silence {unknown}
Potions
 a - a potion of enlightenment {unknown}
 b - a potion of haste {unknown}
 e - a potion of curing {unknown}
 f - a potion of degeneration {unknown}
 h - a potion of heal wounds {unknown}
 i - a potion of might {unknown}

Dungeon Overview and Level Annotations

Branches:
Dungeon (3/15)

Altars:


Message History

The bat is severely wounded.
A worm comes into view.
You shoot a sling bullet. The sling bullet hits the bat.
You kill the bat!
You shoot a sling bullet. The sling bullet hits the worm.
The worm is moderately wounded.
You shoot a sling bullet. The sling bullet hits the worm.
The worm is heavily wounded.
You shoot a sling bullet.
The sling bullet completely misses the worm.
A gnoll comes into view. It is wielding a +0 whip.
You shoot a sling bullet. The gnoll shouts!
The sling bullet hits the worm.
The worm is heavily wounded.
The gnoll completely misses you.
You shoot a sling bullet. The sling bullet hits the worm.
The worm is severely wounded.
The gnoll misses you. The worm bites you. The gnoll closely misses you.
You shoot a sling bullet. The sling bullet hits the worm.
The worm is almost dead.
The gnoll barely misses you. You furiously retaliate!
You headbutt the gnoll, but do no damage.
The gnoll misses you. The worm bites you!
You shoot a sling bullet. The sling bullet hits the worm.
The worm is almost dead.
The gnoll completely misses you. The gnoll hits you with a +0 flail.
You shoot a sling bullet.
The sling bullet hits the worm but does no damage.
The worm is almost dead.
The gnoll hits you with a +0 club. The worm misses you.
The gnoll hits you with a +0 flail.
You shoot a sling bullet. The sling bullet hits the worm.
You kill the worm!
The gnoll hits you with a +0 club. The gnoll hits you with a +0 flail.
You shoot a sling bullet. The sling bullet hits the gnoll!
The gnoll is heavily wounded.
The gnoll barely misses you. The gnoll hits you with a +0 whip!
The gnoll hits you with a +0 club.
You die...

# #<#...# #.# #...# ..#
#.#.###########.# ....
#.#.............#
#...#...............#
#............#####%##
##.###.......# #...
##........<..# ###.
#...>%.......# #.%
###g@.##+##.... ###..
......gg.......... .....
.##....##.##.....##.##..
##.## #.# # #. ##. #?
..$ . #. # .##. #. # .
#. .. ## #


You could see 3 gnolls.

Vanquished Creatures
  An iguana (D:3)
  3 adders (D:2)
  2 worms
  A dart slug (D:1)
  An orc (D:3)
  5 ball pythons
  8 endoplasms
  A giant cockroach (D:2)
  6 goblins
  2 hobgoblins (D:1)
  7 jackals
  6 kobolds
  4 quokkas
  6 bats
  3 frilled lizards (D:2)
  5 rats
61 creatures vanquished.

Notes
Turn   | Place    | Note
-------+----------+-------------------------------------------
     0 | D:1      | qw the Minotaur Hexslinger began the quest for the Orb.
     0 | D:1      | Reached XP level 1. HP: 16/16 MP: 1/1
     0 | D:1      | 0 ||| qw: Version: 0.3-a-52-g30416fa
     0 | D:1      | 0 ||| qw: Game counter: 6313
     0 | D:1      | 0 ||| qw: Melee chars always use a shield: true
     0 | D:1      | 0 ||| qw: God list: Okawaru
     0 | D:1      | 0 ||| qw: Allow faded altars: false
     0 | D:1      | 0 ||| qw: Do Orc after clearing Dungeon:15 true
     0 | D:1      | 0 ||| qw: Do second Lair branch before Depths: true
     0 | D:1      | 0 ||| qw: Lair rune preference: random
     0 | D:1      | 0 ||| qw: Goals: Normal
     0 | D:1      | 0 ||| PLANNING D:1-11
    82 | D:1      | Reached skill level 3 in Ranged Weapons
    82 | D:1      | Reached XP level 2. HP: 23/23 MP: 2/2
   264 | D:1      | Reached XP level 3. HP: 29/29 MP: 3/3
   474 | D:1      | 474 ||| UPGRADING to +0 cloak.
   479 | D:1      | 479 ||| READING 2 scrolls labelled FOZOIKL HAOJ.
   480 | D:1      | 480 ||| READING scroll labelled CUABOS FU LUJA.
   483 | D:1      | 483 ||| READING scroll labelled ANWATHRYAWO.
   484 | D:1      | 484 ||| DROPPING scroll of fear.
   485 | D:1      | 485 ||| DROPPING scroll of poison.
   501 | D:2      | 501 ||| STAIRDANCE
   539 | D:2      | Reached skill level 4 in Ranged Weapons
   637 | D:2      | 637 ||| FLEEEEING.
   638 | D:2      | 638 ||| FLEEEEING.
   639 | D:2      | 639 ||| FLEEEEING.
   640 | D:2      | 640 ||| FLEEEEING.
   641 | D:2      | 641 ||| FLEEEEING.
   649 | D:2      | 649 ||| FLEEEEING.
   650 | D:2      | 650 ||| FLEEEEING.
   651 | D:2      | 651 ||| FLEEEEING.
   653 | D:2      | 653 ||| FLEEEEING.
   654 | D:2      | 654 ||| FLEEEEING.
   655 | D:2      | 655 ||| FLEEEEING.
   656 | D:2      | 656 ||| FLEEEEING.
   657 | D:2      | 657 ||| FLEEEEING.
   658 | D:2      | 658 ||| FLEEEEING.
   659 | D:2      | 659 ||| FLEEEEING.
   660 | D:2      | 660 ||| FLEEEEING.
   661 | D:2      | 661 ||| FLEEEEING.
   662 | D:2      | 662 ||| FLEEEEING.
   663 | D:2      | 663 ||| FLEEEEING.
   666 | D:2      | 666 ||| FLEEEEING.
   667 | D:2      | 667 ||| FLEEEEING.
   668 | D:2      | 668 ||| FLEEEEING.
   669 | D:2      | 669 ||| FLEEEEING.
   670 | D:2      | 670 ||| FLEEEEING.
   671 | D:2      | 671 ||| FLEEEEING.
   672 | D:2      | 672 ||| FLEEEEING.
   673 | D:2      | 673 ||| FLEEEEING.
   674 | D:2      | 674 ||| FLEEEEING.
   676 | D:2      | 676 ||| FLEEEEING.
   677 | D:2      | 677 ||| FLEEEEING.
   678 | D:2      | 678 ||| FLEEEEING.
   679 | D:2      | 679 ||| FLEEEEING.
   680 | D:2      | 680 ||| FLEEEEING.
   681 | D:2      | 681 ||| STAIRDANCE
   748 | D:2      | Reached XP level 4. HP: 36/36 MP: 4/4
  1210 | D:2      | 1210 ||| READING scroll labelled HUNAN ORUU.
  1211 | D:2      | 1211 ||| READING scroll labelled FACLEI EVUE.
  1366 | D:3      | Reached skill level 5 in Ranged Weapons
  1409 | D:3      | Reached skill level 3 in Fighting
  1507 | D:3      | HP: 1/38 [gnoll/+0 whip (9)]
  1507 | D:3      | Slain by a gnoll

Levels and vault maps discovered:
D:1:      dpeg_arrival_morbid_curiosity, layout_rooms
D:2:      layout_basic
D:3:      layout_basic, mainiacjoe_overflow_six_doors_small,
          mainiacjoe_overflow_swirl, chequers_avenue, minmay_ruptured

Skill      XL: |  1  2  3  4 |
---------------+-------------+-----
Ranged Weapons | 3 4 5 |  5.0
Fighting       | 2 3 |  3.0
Dodging        | |  2.1
Spellcasting   | |  1.0
Hexes          | |  2.0

Action                     |  1- 3 |  4- 6 || total
---------------------------+-------+-------++-------
   Fire: Sling             |    99 |    85 ||   184
    Use: Scroll            |     3 |     2 ||     5
 Armour: Robe              |     5 |     2 ||     7
  Dodge: Dodged            |    29 |    24 ||    53

Table legend:
 A = Non-vault XP
 B = Vault XP
 C = Vault XP percentage of total XP
 D = Non-vault monster count
 E = Vault monster count
 F = Vault count percentage of total count
                 A         B        C        D         E       F
            +---------+---------+-------+---------+---------+-------
      Total |     138 |      49 |  26.2 |      53 |       8 |  13.1
            +---------+---------+-------+---------+---------+-------
        D:1 |      36 |      10 |  21.7 |      19 |       5 |  20.8
        D:2 |      79 |       0 |   0.0 |      24 |       0 |   0.0
        D:3 |      23 |      39 |  62.9 |      10 |       3 |  23.1
            +---------+---------+-------+---------+---------+-------
